 Dungeon Sprint DCSS version 0.13-a0-2640-geebf78d (webtiles) character file.

27 Kae the Ruinous (level 2, 15/15 HPs)
             Began as a Tengu Fire Elementalist on Aug 6, 2013.
             Quit the game in the Dungeon (Sprint V: "Ziggurat Sprint").
             The game lasted 00:04:15 (171 turns).

Kae the Ruinous (Tengu Fire Elementalist)            Turns: 171, Time: 00:04:15

HP  15/15        AC  2     Str  8      XL: 2   Next:  0%
MP   6/6         EV 11     Int 27      God:
Gold 20          SH 10     Dex 14      Spells:  2 memorised,  4 levels left

Res.Fire  : . . .   See Invis. : .   (no weapon)
Res.Cold  : . . .   Warding    : .   a - +0 robe
Life Prot.: . . .   Conserve   : .   l - +3 buckler
Res.Poison: .       Res.Corr.  : .   (helmet restricted)
Res.Elec. : .       Clarity    : .   (no cloak)
Sust.Abil.: . .     Spirit.Shd : .   (no gloves)
Res.Mut.  : .       Prev.Telep.: +   (boots unavailable)
Res.Rott. : .       Flight     : .   (no amulet)
Saprovore : . . .                    o - +6 ring of intelligence
                                     n - +6 ring of intelligence

@: not resistant to hostile enchantments, fairly stealthy
A: beak, talons 3
a: no special abilities


You were in the Dungeon.
You were not hungry.

You visited 1 branch

Inventory:

Armour
 a - a +0 robe (worn)
 l - a +3 buckler (worn)
Magical devices
 d - a wand of fire (5)
 e - a wand of cold (5)
 f - a wand of draining (5)
 y - a wand of disintegration (7)
Comestibles
 c - 5 bread rations
 x - 42 strawberries
 z - 4 meat rations
Scrolls
 i - 4 scrolls of blinking
 q - 4 scrolls of amnesia
 r - 3 scrolls of recharging
 s - 7 scrolls of fog
 t - a scroll of holy word
 u - 5 scrolls of identify
 v - 5 scrolls of remove curse
 w - 2 scrolls of fear
Jewellery
 n - a +6 ring of intelligence (left hand)
 o - a +6 ring of intelligence (right hand)
 B - an uncursed ring of flight
Potions
 g - 10 potions of curing
 h - 10 potions of heal wounds
Books
 b - a book of Flames

   Spells                             Type                      Level
   *Flame Tongue                      Conjuration/Fire             1
   *Throw Flame                       Conjuration/Fire             2
   Conjure Flame                      Conjuration/Fire             3
   Inner Flame                        Hexes/Fire                   3
   Sticky Flame                       Conjuration/Fire             4
   Fireball                           Conjuration/Fire             5
Magical staves
 j - an uncursed staff of energy
Miscellaneous
 k - a crystal ball of energy


   Skills:
 + Level 2.1 Dodging
 + Level 2.0 Stealth
 + Level 3.1 Spellcasting
 + Level 6.1 Conjurations
 + Level 6.1 Fire Magic


You had 4 spell levels left.
You knew the following spells:

 Your Spells              Type           Power        Failure   Level  Hunger
a - Flame Tongue          Conj/Fire      #####        1%          1    None
b - Throw Flame           Conj/Fire      #####.       1%          2    #......


Dungeon Overview and Level Annotations

Branches:
Dungeon (1/1)

Altars:
Ashenzari
Cheibriados
Elyvilon
Fedhas
Kikubaaqudgha
Makhleb
Nemelex Xobeh
Okawaru
Sif Muna
Trog
Vehumet
Xom
Yredelemnul
Zin
the Shining One
Beogh
Jiyva
Lugonu


Innate Abilities, Weirdness & Mutations

You have a beak for a mouth.
You have claws for feet.


Message History

Items here: [[[[[[
There is a shattered altar of Ashenzari here.
Things that are here:
a +3 large shield; a +3 shield
Items here: [[[[[[
There are several objects here.
Pick up a +5 crystal plate armour? ((y)es/(n)o/(a)ll/(m)enu/*?g,/q)
Okay, then.
Things that are here:
a +3 large shield; a +3 shield
Things that are here:
a +5,+5 executioner's axe; a +5,+5 battleaxe; a +5,+5 broad axe
Things that are here:
a +5,+5 bardiche; a +5,+5 demon trident
Things that are here:
a +5,+5 giant spiked club; a +5,+5 giant club; a +5,+5 great mace a +5,+5 demon whip
Things that are here:
a +5,+5 quick blade; a +5,+5 sabre; a +5,+5 dagger Are you sure you want to abandon this character and quit the game? (Confirm with "yes".)

#################
#_8_8_88©88_8_8_#
#8.........[)..8#
#_..)@........._#
#8..)).........8#
#_..().....:..._#
#8...).....=...8#
#_.......!....._#
#8...[.........8#
#_...[........._#
#8.............8#
#_8_8.88<88.8_8_#


There were no monsters in sight!

Vanquished Creatures (others)
  A spatial maelstrom (D)
1 creature vanquished.

Notes
Turn   | Place    | Note
--------------------------------------------------------------
     0 | D        | Kae, the Tengu Fire Elementalist, began the quest for the Orb.
     0 | D        | Reached XP level 1. HP: 10/10 MP: 3/3
     1 | D        | Found an ancient bone altar of Kikubaaqudgha.
     1 | D        | Found a white marble altar of Elyvilon.
     2 | D        | Found an iron altar of Okawaru.
     2 | D        | Found a burning altar of Makhleb.
     3 | D        | Banished a spatial maelstrom
     4 | D        | Found a radiant altar of Vehumet.
     4 | D        | Found a deep blue altar of Sif Muna.
     4 | D        | Found a basalt altar of Yredelemnul.
     4 | D        | Found a sparkling altar of Nemelex Xobeh.
    13 | D        | Found a bloodstained altar of Trog.
    36 | D        | Reached skill level 6 in Conjurations
    36 | D        | Reached XP level 2. HP: 15/15 MP: 6/6
   109 | D        | Learned a level 2 spell: Throw Flame
   111 | D        | Found a shimmering altar of Xom.
   171 | D        | Quit the game

Action                   || total
-------------------------++-------
  Use: Potion            ||     1
